 Dungeon Crawl Stone Soup version 0.29.1-1-gd02db6906a (webtiles) character file.

Game seed: 5352735163618032240

175 Sanktem7 the Trooper (level 5, -1/50 HPs)
             Began as a Minotaur Fighter on Oct 2, 2022.
             Was an Initiate of Trog.
             Succumbed to an orc's poison
             ... on level 4 of the Dungeon.
             The game lasted 00:05:26 (3199 turns).

Sanktem7 the Trooper (Minotaur Fighter)             Turns: 3199, Time: 00:05:27

Health: -1/50      AC:  9    Str: 23    XL:     5   Next: 29%
Magic:  4/4        EV:  4    Int:  5    God:    Trog [......]
Gold:   284        SH: 14    Dex:  9    Spells: 4/4 levels left

rFire   . . .      SeeInvis .   a - +1 flail {mace}
rCold   + . .      Faith    .   x - +3 tower shield
rNeg    . . .      Spirit   .   m - +0 chain mail
rPois   .          Reflect  .   (helmet restricted)
rElec   .          Harm     .   (no cloak)
rCorr   .          Rampage  .   (no gloves)
Will    .....                   (no boots)
Stlth   ..........              (no amulet)
HPRegen 0.16/turn               i - ring of protection from cold
MPRegen 0.09/turn               (no ring)

@: lethally poisoned (-1 -> -17)
A: horns 2, retaliatory headbutt
a: Renounce Religion


You were on level 4 of the Dungeon.
You worshipped Trog.
Trog was noncommittal.
You visited 2 branches of the dungeon, and saw 6 of its levels.

You collected 284 gold pieces.


Innate Abilities, Weirdness & Mutations

You have a pair of horns on your head.
You reflexively headbutt those who attack you in melee.


   Skills:
 * Level 5.7 Fighting
 * Level 5.0 Maces & Flails
 - Level 3.6 Armour
 - Level 3.6 Shields


You had 4 spell levels left.
You didn't know any spells.
Your spell library was empty.

Inventory:

Hand Weapons
 a - a +1 flail (weapon) {mace}
Missiles
 h - 35 stones (quivered) {throwing}
 n - 7 poisoned darts {throwing}
Armour
 m - a +0 chain mail (worn)
   (You found it on level 1 of the Dungeon)
 x - a +3 tower shield (worn)
   (You found it on level 4 of the Dungeon)
Jewellery
 i - a ring of protection from cold (left hand)
   (You found it on level 1 of the Dungeon)
Scrolls
 f - 4 scrolls of immolation {!r!r}
 l - 3 scrolls of noise {!r}
 v - a scroll of fog
Potions
 b - a potion of brilliance {unknown}
 c - a potion of ambrosia {unknown}
 d - 2 potions of might
 k - 2 potions of haste {unknown}
 q - 2 potions of invisibility {unknown}
 r - 6 potions of flight
 w - a potion of attraction {unknown}

Dungeon Overview and Level Annotations

Branches:
Dungeon (5/15) Zot: 26771  Temple (1/1) D:4 Zot: 5980

Altars:
Ashenzari
Cheibriados
Dithmenos
Elyvilon
Fedhas
Gozag
Makhleb
Nemelex Xobeh
Qazlal
Ru
Trog
Wu Jian
Xom
Zin
The Shining One

.............#####.#.....###~~~~~
..........#### #.#####........~
........#.# ###.#####.........
........#.## #.....##......~~..
.......>#..## #.....##.....~..~~
............####.....#......~....
........##...................~~⌠.
#########............##.......⌠~~
#........@....###...~~....
#.......oo....# #..~..~~..
#.............# #..~....~~
##............# #...~~....
##...##...#### #....~~...
########## #.###~~~~~ ### ##~~~~
#####


You could see 2 orcs.


Message History

You take 9 damage, and now have 34/50 hp.
You are too injured to fight recklessly!
You are too injured to fight recklessly!
You are too injured to fight recklessly!
You are too injured to fight recklessly!
You are too injured to fight recklessly!
You are too injured to fight recklessly!
You are too injured to fight recklessly!
You are too injured to fight recklessly!
You are too injured to fight recklessly!
You are too injured to fight recklessly!
You are too injured to fight recklessly!
You are too injured to fight recklessly!
You are too injured to fight recklessly!
You are too injured to fight recklessly!
You are too injured to fight recklessly!
You hit the orc wizard. You headbutt the orc wizard.
The orc wizard hits you but does no damage. x2
The orc wizard casts a spell at you. The magic dart hits you!
* * * LOW HITPOINT WARNING * * *
You block the orc's attack. 😨 HP[-9]
You take 9 damage, and now have 25/50 hp.
You closely miss the orc wizard. You block the orc's attack.
The orc wizard gestures at you while chanting.
You resist with some effort. You block the orc's attack.
The orc wizard points at you and mumbles some strange words.
The magic dart hits you.
* * * LOW HITPOINT WARNING * * *
You barely miss the orc wizard. You block the orc's attack.
You block the orc wizard's attack. The orc barely misses you.
The orc wizard hits you but does no damage.
The orc hits you but does no damage.
The orc wizard hits you with a +0 dagger.
* * * LOW HITPOINT WARNING * * *
The orc wizard points at you and mumbles some strange words.
The magic dart hits you but does no damage.
You block the orc's attack. 😨 HP[-1]
You take 1 damage, and now have 24/50 hp.
The orc wizard attacks as you move away!
You block the orc wizard's attack.
The orc wizard mumbles some strange words.
The orc wizard flickers and vanishes!
Deactivating autopickup; reactivate with Ctrl-A.
The orc attacks as you move away! The orc hits you but does no damage.
The orc wizard attacks as you move away!
You block the orc wizard's attack. The orc attacks as you move away!
The orc hits you but does no damage. The orc wizard casts a spell at you.
The magic dart hits something.
The orc attacks as you move away! You block the orc's attack.
A puff of flame appears from out of thin air!
The puff of flame hits you.
* * * LOW HITPOINT WARNING * * *
The orc wizard points at you and mumbles some strange words.
The puff of flame hits something.
Reactivating autopickup.
You feel a bit more experienced.
Your Maces & Flails skill increases to level 5! 😨 HP[-5]
You take 5 damage, and now have 19/50 hp.
The orc attacks as you move away! You block the orc's attack.
The orc hits you but does no damage.
You are poisoned.
You feel sick.
The orc wizard gestures wildly while chanting.
The orc wizard flickers and vanishes!
Deactivating autopickup; reactivate with Ctrl-A. 😨 HP[-2]
You take 2 damage, and now have 17/50 hp.
You feel sick.
There is a stone staircase leading up here. 😨 HP[-1]
You take 1 damage, and now have 16/50 hp.
You feel sick. The orc hits you but does no damage.
You are more poisoned.
The orc hits you but does no damage.
You climb upwards.
Reactivating autopickup.
* * * LOW HITPOINT WARNING * * *
You feel very sick.
There is a stone staircase leading down here. 😱 HP[-5]
You take 5 damage, and now have 11/50 hp.
You closely miss the orc.
You feel very sick. The orc hits you but does no damage.
You block the orc's attack. 😱 HP[-2]
You take 2 damage, and now have 9/50 hp.
You closely miss the orc.
You feel sick. The orc hits you but does no damage. x2
You block the orc's attack.
The orc hits you with a +2 dagger of venom.
* * * LOW HITPOINT WARNING * * *
You are lethally poisoned! 😱 HP[-5]
You take 5 damage, and now have 4/50 hp.
You closely miss the orc. Your headbutt misses the orc.
You die...

Skill      XL: |  1  2  3  4  5 |
---------------+----------------+-----
Fighting       | 4 5 |  5.7
Maces & Flails | 3 4 5 |  5.0
Armour         | |  3.6
Shields        | |  3.6

Action                   |  1- 3 |  4- 6 || total
-------------------------+-------+-------++-------
Melee: Flail             |    74 |    63 ||   137
       Headbutt          |    14 |     8 ||    22
  Use: Scroll            |       |    13 ||    13
       Potion            |       |     1 ||     1
Armor: Scale mail        |    15 |       ||    15
       Chain mail        |    22 |    35 ||    57
Dodge: Dodged            |    38 |    16 ||    54
Block: Buckler           |    14 |    11 ||    25
       Tower shield      |       |    34 ||    34

Levels and vault maps discovered:
D:1:      heliophobic_arrival_ceremonial_halls, layout_loops_corners,
          dreamdust_ecumenical_altar_drowned_temple
D:2:      layout_basic
D:3:      layout_rooms, nemelex_dance_club_becter,
          mainiacjoe_overflow_cross_hatched, minmay_misc_feat_encased
D:4:      cheibrodos_helix_gallery, layout_rooms, zin_scriptorium,
          minmay_temple_entry_glass
D:5:      layout_cave_pods
Temple:   nicolae_temple_no_exploring_needed

Notes
Turn   | Place    | Note
-------+----------+-------------------------------------------
     0 | D:1      | Sanktem7 the Minotaur Fighter began the quest for the Orb.
     0 | D:1      | Reached XP level 1. HP: 19/19 MP: 0/0
     0 | D:1      | magus.rc [v1.9.6]
    81 | D:1      | Reached skill level 4 in Fighting
   174 | D:1      | Reached skill level 3 in Maces & Flails
   174 | D:1      | Reached XP level 2. HP: 27/27 MP: 1/1
   398 | D:1      | Found a faded altar of an unknown god.
  1126 | D:2      | Reached XP level 3. HP: 34/34 MP: 2/2
  1177 | D:2      | Identified the +2 ring mail "Zugakeas" {Harm rCorr Int+6
                  | Dex-2}
  1616 | D:2      | Reached skill level 4 in Maces & Flails
  1744 | D:3      | Reached XP level 4. HP: 26/41 MP: 3/3
  1954 | D:3      | Reached skill level 5 in Fighting
  2028 | D:3      | HP: 9/42 [gnoll/+0 whip (3)]
  2464 | D:3      | Found an ornate altar of the Wu Jian Council.
  2571 | D:3      | Found a sparkling altar of Nemelex Xobeh.
  2632 | D:4      | Found a staircase to the Ecumenical Temple.
  2644 | Temple   | Entered the Ecumenical Temple
  2654 | Temple   | Became a worshipper of Trog the Wrathful
  2716 | D:4      | Reached XP level 5. HP: 48/48 MP: 4/4
  3062 | D:4      | Found a glowing silver altar of Zin.
  3161 | D:5      | Entered Level 5 of the Dungeon
  3192 | D:5      | Reached skill level 5 in Maces & Flails
  3196 | D:4      | HP: 11/50 [poisoned by an orc]
  3198 | D:4      | HP: 4/50 [orc/+2 dagger of venom (3)]
  3199 | D:4      | Succumbed to an orc's poison

Vanquished Creatures
  4 gnolls (D:3)
  5 adders
  A worm (D:2)
  3 dart slugs
  2 orcs
  3 bats (D:1)
  6 endoplasms
  3 giant cockroaches
  6 goblins
  4 hobgoblins
  5 jackals
  6 quokkas
  7 ball pythons
  2 frilled lizards
  3 kobolds
  2 rats (D:2)
  A spectral goblin (D:1)
63 creatures vanquished.

Vanquished Creatures (others)
  An orc wizard (D:5)
1 creature vanquished.

Grand Total: 64 creatures vanquished

Table legend:
 A = Non-vault XP
 B = Vault XP
 C = Vault XP percentage of total XP
 D = Non-vault monster count
 E = Vault monster count
 F = Vault count percentage of total count
                 A         B        C        D         E       F
            +---------+---------+-------+---------+---------+-------
      Total |     241 |      10 |   4.0 |      59 |       5 |   7.8
            +---------+---------+-------+---------+---------+-------
        D:1 |      33 |       1 |   2.9 |      17 |       1 |   5.6
        D:2 |      52 |       0 |   0.0 |      13 |       0 |   0.0
        D:3 |      99 |       5 |   4.8 |      16 |       2 |  11.1
        D:4 |      35 |       4 |  10.3 |      11 |       2 |  15.4
        D:5 |      22 |       0 |   0.0 |       2 |       0 |   0.0
            +---------+---------+-------+---------+---------+-------

Illustrated notes

Table legend:
 A = Kills in this place as a percentage of kills in entire the game.
 B = Kills by you in this place as a percentage of kills by you in the entire game.
 C = Kills by friends in this place as a percentage of kills by friends in the entire game.
 D = Other kills in this place as a percentage of other kills in the entire game.
 E = Experience gained in this place as a percentage of experience gained in the entire game.
 F = Experience gained in this place divided by the number of levels of this place that you have seen.
                   A       B       C       D       E      F
               +-------+-------+-------+-------+-------+----------------------
         Total | 100.0 | 100.0 |   N/A | 100.0 | 100.0 |  41.8
       Dungeon | 100.0 | 100.0 |   N/A | 100.0 | 100.0 |  50.2
               +-------+-------+-------+-------+-------+----------------------

Table legend: (Time is in decaauts)
 A = Elapsed time spent in this place.
 B = Non-inter-level travel time spent in this place.
 C = Inter-level travel time spent in this place.
 D = Time resting spent in this place.
 E = Time spent auto-exploring this place.
 F = Levels seen in this place.
 G = Mean time per level.
                   A        B        C        D        E       F      G
               +--------+--------+--------+--------+--------+-----+--------+
         Total |   3248 |   3141 |    107 |      0 |   2697 |   6 |  541.3 |
       Dungeon |   3229 |   3122 |    107 |      0 |   2697 |   5 |  645.8 |
        Temple |     19 |     19 |      0 |      0 |      0 |   1 |   19.0 |
               +--------+--------+--------+--------+--------+-----+--------+

Top non-repeatable levels by time:
     D:1: 1113 daAuts
     D:3: 908 daAuts
     D:2: 643 daAuts
     D:4: 525 daAuts
     D:5: 38 daAuts
  Temple: 19 daAuts
